 Dungeon Crawl Stone Soup version 0.19.0-11-g3fc08b3 (webtiles) character file.

2632 Lochraine the Geomancer (level 9, -1/69 HPs)
             Began as a Pale Draconian Earth Elementalist on Nov 9, 2016.
             Was an Initiate of Dithmenos.
             Slain by a hog (12 damage)
             ... on level 7 of the Dungeon.
             The game lasted 00:27:35 (6006 turns).

Lochraine the Geomancer (DrEE)                      Turns: 6006, Time: 00:27:36

Health: -1/69      AC:  8    Str: 10    XL:     9   Next: 35%
Magic:  13/18      EV: 13    Int: 14    God:    Dithmenos [......]
Gold:   252        SH:  0    Dex: 16    Spells: 5 memorised, 5 levels left

rFire  . . .     SeeInvis .     O - +3 falchion of Mastery {slice, rPois rC+ Int-4}
rCold  + . .     Gourm    .     (armour unavailable)
rNeg   + . .     Faith    .     (no shield)
rPois  +         Spirit   .     (helmet restricted)
rElec  .         Reflect  .     y - +0 cloak
rCorr  .         Harm     .     (no gloves)
MR     .....                    (no boots)
Stlth  ++........               (no amulet)
                                A - ring of positive energy
                                r - +3 ring of dexterity

@: drained
A: breathe steam, unfitting armour, cold-blooded, AC +7
a: Breathe Steam, Renounce Religion


You were on level 7 of the Dungeon.
You worshipped Dithmenos.
Dithmenos was noncommittal.
You were hungry.

You visited 1 branch of the dungeon, and saw 7 of its levels.
You also visited: Sewer.

You collected 252 gold pieces.

Inventory:

Hand Weapons
 a - a +1 spear of venom
 p - a +2 hand axe of flaming
 O - the +3 falchion of Mastery (weapon) {slice, rPois rC+ Int-4}
   (You found it on level 6 of the Dungeon)

   It inflicts extra damage upon your enemies.
   It affects your intelligence (-4).
   It protects you from cold.
   It protects you from poison.
Missiles
 b - 98 stones (quivered)
 k - 42 poisoned needles
 m - 5 tomahawks of returning
 F - 6 javelins
 J - 4 tomahawks
Armour
 y - a +0 cloak (worn)
Jewellery
 r - a +3 ring of dexterity (left hand)
 A - a ring of positive energy (right hand)
Wands
 t - a wand of flame (21/48)
 E - a wand of lightning (12/15)
 G - a wand of disintegration (11/24)
Scrolls
 e - a scroll of magic mapping
 g - 2 scrolls of fear
 h - a scroll of noise
 i - 4 scrolls of identify
 l - a scroll of enchant armour {unknown}
 o - 2 scrolls of blinking
 q - a scroll of fog
 B - 3 scrolls of remove curse
 C - 2 scrolls of teleportation
 D - 2 scrolls of amnesia
 L - a scroll of recharging {unknown}
 R - a scroll of immolation {unknown}
 T - a scroll of vulnerability {unknown}
Potions
 j - 2 potions of agility
 s - 3 potions of haste
 u - 3 potions of curing
 v - 4 potions of flight {unknown}
 w - a potion of degeneration {unknown}
 z - a potion of invisibility {unknown}
 H - a potion of cure mutation {unknown}
 I - 3 potions of might {unknown}
 K - a potion of lignification {unknown}
 M - a potion of magic {unknown}
 Q - 2 potions of heal wounds
 S - a potion of berserk rage {unknown}
Books
 d - a book of Geomancy

   Spells                             Type                      Level
   a - Sandblast                      Earth                        1
   b - Passwall                       Transmutation/Earth          2
   c - Stone Arrow                    Conjuration/Earth            3
   d - Petrify                        Transmutation/Earth          4
   e - Lee's Rapid Deconstruction     Earth                        5
Comestibles
 c - 5 bread rations
 f - 2 beef jerkies
 n - a royal jelly
 x - 2 fruits
 P - 6 chunks of flesh


   Skills:
 + Level 3.1(2.1) Fighting
 + Level 2.1(1.1) Long Blades
 - Level 3.3(2.3) Dodging
 - Level 1.7(0.8) Stealth
 - Level 6.1(5.0) Spellcasting
 + Level 6.2(5.1) Conjurations
 - Level 1.0(0.0) Transmutations
 * Level 8.1(6.9) Earth Magic


You had 5 spell levels left.
You knew the following spells:

 Your Spells              Type           Power        Failure   Level  Hunger
a - Sandblast             Erth           ###...       1%          1    None
b - Stone Arrow           Conj/Erth      ###...       6%          3    ###....
c - Passwall              Tmut/Erth      ##........   10%         2    ##.....
d - Petrify               Tmut/Erth      ##......     45%         4    ####...
e - Lee's Rapid Deconstr  Erth           ###.......   30%         5    ######.


Dungeon Overview and Level Annotations

Branches:
Dungeon (7/15)
 Temple: D:4-7

Altars:
Dithmenos
Elyvilon
Zin

Shops:
D:5 }

Annotations:
D:3 Philosophy's ghost, amateur CeHu
D:5 Frank's ghost, novice DDFi
D:6 Sigmund


Innate Abilities, Weirdness & Mutations

You can breathe blasts of scalding, opaque steam.
Your pale cyan-grey scales are hard. (AC +7)
You cannot fit into any form of body armour.
You are cold-blooded and may be slowed by cold attacks.


Message History

You hit the hog but do no damage. The hog closely misses you.
You riposte.
You hit the hog but do no damage.
The hog is heavily wounded.
The hog bites you. x2
The hog closely misses you.
You riposte.
You hit the hog.
The hog is severely wounded.
The hog bites you.
The hog bites you! x2; The hog barely misses you.
The hog closely misses you.
You open the door. The hog bites you!
* * * LOW HITPOINT WARNING * * *
The hog barely misses you. The hog bites you.
* * * LOW HITPOINT WARNING * * *
The hog bites you!
* * * LOW HITPOINT WARNING * * *
The hog barely misses you.
Your magical contamination has completely faded away.
There is an open door here.
The hog bites you!
You die...

#.####..##......#
#.####..##.#...##
#.##.......##..#
#.##.#..#####..#
#.##.#..#####.)#
#..............#
##.#.##.####...##
###.#.##.###.....##
#.....##@##.......##
#######.#...##h#.........#
...............hh........+
######.#...##.#.........#
#.#......##.......##
#.##########.....## ##.##
###)### ##.#.#### #..#
#.###...# #..#.


You could see 2 hogs.

Vanquished Creatures
  A hill giant (D:5)
  Eustachio (D:5)
  A human (D:7)
  Purgy (Sewer)
  A sky beast (D:5)
  3 ogres
  A phantom (D:7)
  4 bullfrogs
  3 scorpions
  3 crimson imps
  2 howler monkeys
  A hound (D:7)
  4 orc wizards
  2 orc priests
  3 iguanas
  Jessica (D:3)
  Terence (D:2)
  4 worker ants
  2 hound zombies
  A hound skeleton (D:6)
  5 gnolls
  9 adders
  2 shadow imps (D:5)
  2 oozes (D:2)
  An adder zombie (D:6)
  3 adder skeletons
  7 worms
  4 dart slugs
  10 leopard geckos
  19 orcs
  6 giant cockroaches
  8 goblins
  3 hobgoblins
  4 jackals
  4 kobolds
  4 quokkas
  4 ball pythons
  A ball python zombie (D:5)
  8 bats
  4 frilled lizards
  4 rats
152 creatures vanquished.

Notes
Turn   | Place    | Note
-------+----------+-------------------------------------------
     0 | D:1      | Lochraine the Draconian Earth Elementalist began the quest for the Orb.
     0 | D:1      | Reached XP level 1. HP: 14/14 MP: 3/3
   502 | D:1      | Reached XP level 2. HP: 20/20 MP: 5/5
   877 | D:1      | Learned a level 2 spell: Passwall
  1152 | D:2      | Reached XP level 3. HP: 11/26 MP: 1/6
  1562 | D:2      | Noticed Terence
  1582 | D:2      | Reached XP level 4. HP: 28/33 MP: 8/8
  1598 | D:2      | Killed Terence
  1698 | D:2      | Learned a level 3 spell: Stone Arrow
  1977 | D:3      | Reached skill level 4 in Earth Magic
  2171 | D:3      | Reached XP level 5. HP: 35/38 MP: 9/9
  2183 | D:3      | Noticed Jessica
  2188 | D:3      | Killed Jessica
  2188 | D:3      | Reached skill level 1 in Conjurations
  2218 | D:3      | Noticed Philosophy's ghost (amateur CeHu)
  2595 | D:4      | Reached XP level 6. HP: 42/45 MP: 11/11
  2927 | D:4      | Learned a level 4 spell: Petrify
  3078 | D:5      | Entered Level 5 of the Dungeon
  3078 | D:5      | Noticed Frank's ghost (novice DDFi)
  3124 | D:5      | Reached skill level 5 in Earth Magic
  3185 | D:5      | Noticed a sky beast
  3200 | D:5      | Killed a sky beast
  3200 | D:5      | Your scales start taking on a pale cyan-grey colour.
  3200 | D:5      | Reached XP level 7. HP: 43/50 MP: 7/13
  3236 | D:5      | Found Gebes's Gadget Shop.
  3314 | D:5      | Noticed Eustachio
  3323 | D:5      | Killed Eustachio
  3413 | D:5      | Found a glowing drain.
  3432 | Sewer    | Entered a sewer
  3503 | Sewer    | Noticed Purgy
  3516 | Sewer    | Killed Purgy
  3516 | Sewer    | Reached skill level 5 in Spellcasting
  3613 | Sewer    | Learned a level 5 spell: Lee's Rapid Deconstruction
  3677 | D:5      | Noticed a hill giant
  3712 | D:5      | Reached skill level 6 in Earth Magic
  3746 | D:5      | Killed a hill giant
  3746 | D:5      | Reached XP level 8. HP: 57/57 MP: 5/16
  3840 | D:5      | Reached skill level 5 in Conjurations
  3888 | D:5      | Got a heavily runed platinum ring
  3991 | D:5      | Identified the cursed ring of Saenasiu {*Drain EV-3 Str+5} (You found it on level 5 of the Dungeon)
  4263 | D:5      | Reached skill level 7 in Earth Magic
  4395 | D:5      | Reached skill level 1 in Fighting
  4831 | D:6      | Got a smoking falchion
  4833 | D:6      | Identified the +3 falchion of Mastery {slice, rPois rC+ Int-4} (You found it on level 6 of the Dungeon)
  5245 | D:6      | Noticed Sigmund
  5318 | D:6      | Reached XP level 9. HP: 46/67 MP: 18/18
  5340 | D:6      | Found a shadowy altar of Dithmenos.
  5340 | D:6      | Found a faded altar of an unknown god.
  5346 | D:6      | Found a glowing silver altar of Zin.
  5348 | D:6      | Found a faded altar of an unknown god.
  5350 | D:6      | Found a faded altar of an unknown god.
  5424 | D:6      | Became a worshipper of Dithmenos the Shadowed
  5459 | D:6      | Reached skill level 1 in Long Blades
  5900 | D:7      | Found a white marble altar of Elyvilon.
  5996 | D:7      | Reached skill level 8 in Earth Magic
  6006 | D:7      | Slain by a hog

Skill      XL: |  1  2  3  4  5  6  7  8  9 |
---------------+----------------------------+-----
Dodging        | 2 3 |  3.3
Spellcasting   | 3 4 5 6 |  6.1
Earth Magic    | 4 5 6 7 8 |  8.1
Conjurations   | 1 3 4 5 6 |  6.2
Fighting       | 2 3 |  3.1
Long Blades    | 2 |  2.1
Stealth        | |  1.7
Transmutations | |  1.0

Action                   |  1- 3 |  4- 6 |  7- 9 || total
-------------------------+-------+-------+-------++-------
Melee: Spear             |    57 |   134 |       ||   191
       Tailslap          |     2 |    18 |    18 ||    38
       Falchion          |       |       |    95 ||    95
Throw: Stone             |       |     1 |       ||     1
 Cast: Sandblast         |    13 |    33 |    93 ||   139
       Stone Arrow       |       |       |    17 ||    17
 Abil: Breathe Steam     |       |       |    10 ||    10
  Use: Scroll            |       |     5 |     6 ||    11
       Potion            |       |       |     1 ||     1
 Stab: Sleeping          |     2 |     4 |     2 ||     8
       Distracted        |       |       |     2 ||     2
  Eat: Chunk             |     2 |     6 |    10 ||    18
Armor: Skin              |     7 |    28 |    44 ||    79
Dodge: Dodged            |    19 |    79 |    97 ||   195
       Rpst.: Falchion   |       |       |    37 ||    37
